 Dungeon Crawl Stone Soup version 0.29.1-15-g9cfb28693d (webtiles) character file.

Game seed: 8297198909621067669

59 coffeetime the Trooper (level 3, -4/34 HPs)
             Began as a Minotaur Berserker on July 10, 2023.
             Was a Believer of Trog.
             Slain by an iguana (8 damage)
             ... on level 3 of the Dungeon.
             The game lasted 00:06:33 (2146 turns).

coffeetime the Trooper (Minotaur Berserker)         Turns: 2146, Time: 00:06:33

Health: -4/34      AC: 11    Str: 23    XL:     3   Next: 78%
Magic:  2/2        EV:  8    Int:  4    God:    Trog [**....]
Gold:   127        SH:  0    Dex:  9    Spells: 2/2 levels left

rFire   . . .      SeeInvis .   v - +1 flail (vorpal)
rCold   . . .      Faith    .   (no shield)
rNeg    . . .      Spirit   .   r - +0 chain mail
rPois   .          Reflect  .   (helmet restricted)
rElec   .          Harm     .   (no cloak)
rCorr   .          Rampage  .   n - +0 pair of gloves
Will    .....                   q - +0 pair of boots
Stlth   ..........              o - amulet of regeneration
HPRegen 0.91/turn               (no ring)
MPRegen 0.08/turn               (no ring)

@: no status effects
A: horns 2, retaliatory headbutt
a: Renounce Religion, Berserk, Trog's Hand


You were on level 3 of the Dungeon.
You worshipped Trog.
Trog was pleased with you.
You visited 1 branch of the dungeon, and saw 3 of its levels.

You collected 127 gold pieces.

Inventory:

Hand Weapons
 g - a +0 falchion of holy wrath
 v - a +1 vorpal flail (weapon)
Missiles
 i - 19 stones (quivered)
 t - 6 poisoned darts
Armour
 n - a +0 pair of gloves (worn)
 q - a +0 pair of boots (worn)
 r - a +0 chain mail (worn)
Jewellery
 o - an amulet of regeneration (around neck)
Scrolls
 b - a scroll of magic mapping {unknown}
 c - a scroll of silence {unknown}
 d - 2 scrolls of noise {unknown}
 e - a scroll of summoning {unknown}
 f - a scroll of immolation {unknown}
 h - 3 scrolls of blinking {unknown}
 k - a scroll of poison {unknown}
 p - 3 scrolls of teleportation {unknown}
 s - a scroll of enchant weapon {unknown}
Potions
 a - a potion of invisibility {unknown}
 j - 3 potions of curing {unknown}
 m - a potion of heal wounds {unknown}


   Skills:
 + Level 4.5 Fighting
 - Level 3.8 Axes
 + Level 3.2 Armour
 + Level 3.0 Dodging
 + Level 0.2 Stealth


You had 2 spell levels left.
You didn't know any spells.
Your spell library was empty.

Dungeon Overview and Level Annotations

Branches:
Dungeon (3/15)

Altars:


Innate Abilities, Weirdness & Mutations

You have a pair of horns on your head.
You reflexively headbutt those who attack you in melee.


Message History

You enter the shallow water.
Moving in this stuff is going to be slow.
A quokka comes into view.
The quokka completely misses you. The quokka barely misses you.
You sock the quokka!
You kill the quokka!
Trog accepts your kill.
No target in view!
No target in view!
An iguana comes into view.
Found a scroll labelled VEJAVU HANA.
The iguana hisses angrily.
The iguana bites you!
You hit the iguana but do no damage. The iguana barely misses you.
You barely miss the iguana. The iguana barely misses you.
You hit the iguana.
The iguana is lightly wounded.
The iguana bites you. x2
You are too injured to fight recklessly!
You are too injured to fight recklessly!
You are too injured to fight recklessly!
You closely miss the iguana.
The iguana is lightly wounded.
The iguana bites you!
You barely miss the iguana.
The iguana is lightly wounded.
The iguana bites you.
* * * LOW HITPOINT WARNING * * *
You hit the iguana.
The iguana is heavily wounded.
The iguana bites you but does no damage.
You barely miss the iguana.
The iguana is heavily wounded.
The iguana barely misses you. You furiously retaliate!
You headbutt the iguana. The iguana bites you!
* * * LOW HITPOINT WARNING * * *
You closely miss the iguana.
The iguana is severely wounded.
The iguana bites you!
You die...

######### #.......#
#.#####.# ######## #.#
#.#
.......######.#####.#
..###.............##.#
......#.######.##.##.#
..####...## #.##.##.#
.......@..# #.##.##.#
.#####.l.## #.......#
##.## ##.#.#.## #.#
#.#.#.# #.# #.#...#
#+# #.###.# #.###.#
#.....#### ###.#.#PP~


You could see an iguana.

Vanquished Creatures
  A worm (D:3)
  9 orcs (D:3)
  2 ball pythons
  5 bats
  3 endoplasms
  2 giant cockroaches (D:3)
  2 goblins (D:2)
  4 hobgoblins
  2 quokkas
  2 frilled lizards
  6 kobolds
  3 rats
41 creatures vanquished.

Vanquished Creatures (others)
  A plant (D:3)
1 creature vanquished.

Grand Total: 42 creatures vanquished

Notes
Turn   | Place    | Note
-------+----------+-------------------------------------------
     0 | D:1      | coffeetime the Minotaur Berserker began the quest for the
                  | Orb.
     0 | D:1      | Reached XP level 1. HP: 19/19 MP: 0/0
   411 | D:1      | Reached XP level 2. HP: 27/27 MP: 1/1
   452 | D:1      | Reached skill level 4 in Fighting
  1673 | D:3      | Identified the ring of Efes {rF- MP+9 Int+4 Dex+3}
  1688 | D:3      | Reached ** piety under Trog
  1689 | D:3      | Reached XP level 3. HP: 34/34 MP: 2/2
  2146 | D:3      | Slain by an iguana

Illustrated notes

Levels and vault maps discovered:
D:1:      dpeg_chamrin_arrival_tetris, layout_basic
D:2:      layout_basic
D:3:      layout_loops_corners, serial_bayou, serial_bayou_pond_d,
          serial_bayou_pond_c, serial_bayou_lagoon_a, serial_bayou_crossing,
          serial_bayou_pond_b, ebering_ecumenical_altar_webs

Skill      XL: |  1  2  3 |
---------------+----------+-----
Fighting       | 4 |  4.5
Armour         | 3 |  3.2
Dodging        | 3 |  3.0
Axes           | |  3.8
Stealth        | |  0.2

Action                   || total
-------------------------++-------
Melee: Flail             ||    22
       Hand axe          ||     4
       Falchion          ||    79
       Headbutt          ||    10
Armor: Animal skin       ||     1
       Chain mail        ||    43
       Ring mail         ||     6
       Leather armour    ||     1
Dodge: Dodged            ||    73
